AoeStats
← Runxi24

Arabia

508819703Analyzed
1v1 RM · 9d ago on Sep 24, 2026· 29m 53s· 2 players
Game mode
Random Map
Map size
Tiny (2 player)
Population
200
Speed
Normal
Resources
Standard
Victory
Conquest
Starting age
Dark Age
Ending age
Imperial Age
RankedLock teamsTeams togetherTeam positionsShared explorationLock speedFull tech treeHidden civsTurbo modeCheats
Victory
Defeat
🇪🇸 Portuguese · Spain
1050
+16
🇹🇼 Spanish · Taiwan
1058
-16
Runxi24
6:26 Loom
9:17 Feudal Age
10:04 Double-Bit Axe
16:14 Fletching
17:16 Horse Collar
22:13 Castle Age
21:41 Bloodlines
22:24 Scale Barding Armor
23:55 Bodkin Arrow
27:09 Bow Saw
29:58 Forging
艾斯
0:26 Loom
10:12 Feudal Age
20:06 Castle Age
26:48 Husbandry
26:53 Double-Bit Axe
Connection lost

Rejoining the realm…

Still unreachable

The connection could not be restored.

Session expired

The server has moved on; the page needs a fresh start.